 Dungeon Crawl Stone Soup version 0.29.0-13-gc9e81de378 (webtiles) character file.

Game seed: 6065652910021712588

1043 brightshaft the Chopper (level 8, -2/67 HPs)
             Began as a Gnoll Cinder Acolyte on Sept 7, 2022.
             Was a Follower of Dithmenos.
             Slain by a fire elemental (11 damage)
             ... created by the fiery vengeance of Ignis
             ... on level 5 of the Dungeon.
             The game lasted 00:09:41 (4439 turns).

brightshaft the Chopper (Gnoll Cinder Acolyte)      Turns: 4439, Time: 00:09:42

Health: -2/67      AC: 10    Str: 14    XL:     8   Next: 25%
Magic:  9/14       EV: 11    Int: 15    God:    Dithmenos [*.....]
Gold:   247        SH:  0    Dex:  8    Spells: 13/15 levels left

rFire   . . .      SeeInvis .   b - +1 sling
rCold   . . .      Faith    .   (no shield)
rNeg    . . .      Spirit   .   k - +2 ring mail {Will+}
rPois   .          Reflect  .   (no helmet)
rElec   .          Harm     .   o - +0 cloak
rCorr   .          Rampage  .   (no gloves)
Will    +....                   w - +0 pair of boots
Stlth   +.........              (no amulet)
HPRegen 0.21/turn               f - +4 ring of slaying
MPRegen 0.14/turn               (no ring)

@: wreathed by umbra, studying Fire Magic, fire susceptible
A: fangs 1, strong nose, distributed training
a: Renounce Religion


You were on level 5 of the Dungeon.
You worshipped Dithmenos.
Dithmenos was aware of your devotion.
You visited 1 branch of the dungeon, and saw 5 of its levels.

You collected 247 gold pieces.

Inventory:

Hand Weapons
 a - a -1 hand axe of flaming
 b - a +1 sling (weapon)
Missiles
 A - 5 poisoned darts
Armour
 d - a +0 robe
 k - a +2 ring mail of willpower (worn)
 o - a +0 cloak (worn)
 r - a +2 scale mail of poison resistance
 w - a +0 pair of boots (worn)
Jewellery
 f - a +4 ring of slaying (left hand)
Wands
 e - a wand of iceblast (7)
 s - a wand of flame (26)
 y - a wand of mindburst (10)
Potions
 c - a potion of invisibility {unknown}
 i - a potion of resistance
 n - a potion of attraction
 q - a potion of heal wounds
 u - a potion of magic {unknown}
 v - 4 potions of curing {unknown}
 z - a potion of might {unknown}
 B - a potion of brilliance {unknown}


   Skills:
 + Level 7.3 Fighting
 + Level 3.2 Short Blades
 + Level 3.2 Long Blades
 + Level 7.3 Axes
 + Level 3.2 Maces & Flails
 + Level 3.2 Polearms
 + Level 3.2 Staves
 + Level 3.2 Ranged Weapons
 + Level 3.2 Throwing
 + Level 3.2 Armour
 + Level 3.2 Dodging
 + Level 3.2 Stealth
 + Level 3.2 Shields
 + Level 3.2 Unarmed Combat
 + Level 4.3 Spellcasting
 + Level 2.6 Conjurations
 + Level 2.6 Hexes
 + Level 2.6 Summonings
 + Level 2.6 Necromancy
 + Level 2.6 Translocations
 + Level 2.6 Transmutations
 + Level 6.1 Fire Magic
 + Level 2.6 Ice Magic
 + Level 2.6 Air Magic
 + Level 2.6 Earth Magic
 + Level 2.6 Poison Magic
 + Level 3.5 Invocations
 + Level 3.2 Evocations


You had 13 spell levels left.
You knew the following spells:

 Your Spells              Type           Power      Damage    Failure   Level
a - Scorch                Fire           42%        2d7       4%          2

Your spell library contained the following spells:

 Spells                   Type           Power      Damage    Failure   Level
 Summon Lightning Spire   Summ/Air       11%        N/A       75%         4
 Monstrous Menagerie      Summ           5%         N/A       100%        7


Dungeon Overview and Level Annotations

Branches:
Dungeon (5/15)
 Temple: D:4-7

Altars:
Dithmenos
Makhleb
Trog
Uskayaw

Shops:
D:3 :


Innate Abilities, Weirdness & Mutations

You have very sharp teeth.
Your uncanny sense of smell can sniff out nearby items.
Your experience applies equally to all skills.


Message History

The sling bullet hits the fire elemental.
The fire elemental is moderately damaged.
The fire elemental misses you. The fire elemental hits you.
The fire elemental burns you!
You shoot a sling bullet.
The sling bullet hits the fire elemental!
The fire elemental is heavily damaged.
The fire elemental hits you. The fire elemental burns you!
You are too injured to fight recklessly!
You are too injured to fight recklessly!
Fire: b) +1 sling
Press: ? - help, Shift-Dir - straight line, f/p - fire elemental
Aim: a fire elemental (heavily damaged, durably summoned, umbra, 56% to hit)
You shoot a sling bullet.
The sling bullet closely misses the fire elemental.
The fire elemental hits you. The fire elemental burns you!
The fire elemental hits you. The fire elemental burns you!
* * * LOW HITPOINT WARNING * * *
Fire: b) +1 sling
Press: ? - help, Shift-Dir - straight line, f/p - fire elemental
Aim: a fire elemental (heavily damaged, durably summoned, umbra, 56% to hit)
You shoot a sling bullet.
The sling bullet hits the fire elemental.
The fire elemental is heavily damaged.
The fire elemental hits you. The fire elemental burns you!
* * * LOW HITPOINT WARNING * * *
The fire elemental barely misses you.
You feel much better. The fire elemental hits you.
The fire elemental burns you!
* * * LOW HITPOINT WARNING * * *
Fire: b) +1 sling
Press: ? - help, Shift-Dir - straight line, f/p - fire elemental
Aim: a fire elemental (heavily damaged, durably summoned, umbra, 56% to hit)
You shoot a sling bullet.
The sling bullet hits the fire elemental.
The fire elemental is heavily damaged.
The fire elemental hits you. The fire elemental burns you!
* * * LOW HITPOINT WARNING * * *
The fire elemental hits you. The fire elemental burns you!
You die...

## # # ##.
.#.#
#..###...#
.# #.(.#
.## .
#.)###..
#.#.#.#
..###@#
...# #.#E#
# #....
..# #.. #
#.## #.#
#.# #∆ $.#
∆ #..
###.# ##.
#.# .....
# .# ###.#
# # #


You could see a fire elemental.

Vanquished Creatures
  A kobold demonologist (D:5)
  Grinder (D:4)
  Sigmund (D:2)
  An ogre (D:4)
  A phantom (D:4)
  2 scorpions (D:5)
  A hound (D:4)
  Terence (D:2)
  4 adders
  A white imp (D:5)
  A worm (D:4)
  2 dart slugs (D:1)
  An orc (D:3)
  11 endoplasms
  2 giant cockroaches
  5 goblins
  4 hobgoblins
  6 quokkas
  5 ball pythons
  9 bats
  3 frilled lizards
  7 kobolds
  7 rats
77 creatures vanquished.

Notes
Turn   | Place    | Note
-------+----------+-------------------------------------------
     0 | D:1      | brightshaft the Gnoll Cinder Acolyte began the quest for
                  | the Orb.
     0 | D:1      | Reached XP level 1. HP: 23/23 MP: 4/4
   265 | D:1      | Reached XP level 2. HP: 15/29 MP: 5/5
   271 | D:1      | Learned a level 2 spell: Scorch
   658 | D:1      | Found a faded altar of an unknown god.
   714 | D:1      | Reached XP level 3. HP: 35/35 MP: 7/7
   861 | D:1      | Reached skill level 1 in Invocations
  1323 | D:2      | Reached skill level 1 in Short Blades
  1323 | D:2      | Reached skill level 1 in Long Blades
  1323 | D:2      | Reached skill level 1 in Maces & Flails
  1323 | D:2      | Reached skill level 1 in Polearms
  1323 | D:2      | Reached skill level 1 in Staves
  1323 | D:2      | Reached skill level 1 in Ranged Weapons
  1323 | D:2      | Reached skill level 1 in Throwing
  1323 | D:2      | Reached skill level 1 in Armour
  1323 | D:2      | Reached skill level 1 in Dodging
  1323 | D:2      | Reached skill level 1 in Stealth
  1323 | D:2      | Reached skill level 1 in Shields
  1323 | D:2      | Reached skill level 1 in Unarmed Combat
  1323 | D:2      | Reached skill level 1 in Evocations
  1548 | D:2      | Reached XP level 4. HP: 41/41 MP: 8/8
  1602 | D:2      | Noticed Terence
  1608 | D:2      | Killed Terence
  1609 | D:2      | Reached skill level 1 in Conjurations
  1609 | D:2      | Reached skill level 1 in Hexes
  1609 | D:2      | Reached skill level 1 in Summonings
  1609 | D:2      | Reached skill level 1 in Necromancy
  1609 | D:2      | Reached skill level 1 in Translocations
  1609 | D:2      | Reached skill level 1 in Transmutations
  1609 | D:2      | Reached skill level 1 in Ice Magic
  1609 | D:2      | Reached skill level 1 in Air Magic
  1609 | D:2      | Reached skill level 1 in Earth Magic
  1609 | D:2      | Reached skill level 1 in Poison Magic
  1686 | D:2      | Noticed Sigmund
  1690 | D:2      | Killed Sigmund
  1691 | D:2      | Reached XP level 5. HP: 37/47 MP: 0/10
  1691 | D:2      | Reached XP level 6. HP: 42/53 MP: 0/11
  2111 | D:3      | Found Qext's Book Emporium.
  2447 | D:3      | Found a shadowy altar of Dithmenos.
  2676 | D:3      | Fell from the grace of Ignis
  2676 | D:3      | Became a worshipper of Dithmenos the Shadowed
  3004 | D:3      | Found a hide-covered altar of Uskayaw.
  3322 | D:4      | Found a bloodstained altar of Trog.
  3336 | D:4      | Noticed Grinder
  3343 | D:4      | Paralysed by Grinder for 2 turns
  3347 | D:4      | Killed Grinder
  3348 | D:4      | Reached XP level 7. HP: 60/60 MP: 1/12
  3683 | D:4      | Found a burning altar of Makhleb.
  3761 | D:4      | Got the Anthology of Command
  4126 | D:5      | Entered Level 5 of the Dungeon
  4140 | D:5      | Reached * piety under Dithmenos
  4356 | D:5      | Noticed a fire elemental
  4356 | D:5      | Noticed a fire elemental
  4365 | D:5      | Noticed a kobold demonologist
  4375 | D:5      | Killed a kobold demonologist
  4376 | D:5      | Reached XP level 8. HP: 30/67 MP: 0/14
  4439 | D:5      | Slain by a fire elemental

Illustrated notes

Levels and vault maps discovered:
D:1:      amcnicky_arrival_underground_garden, layout_loops_ring,
          dreamdust_ecumenical_altar_statues, st_stairs_6,
          minmay_misc_feat_room, minmay_vboxes
D:2:      layout_loops_cross, uniq_sigmund, uniq_terence
D:3:      layout_basic, mainiacjoe_overflow_surrounded_room,
          nicolae_dithmenos_the_darkroom, serial_shops,
          nicolae_shop_advertising_works [nicolae_subvault_shop_adworks],
          st_stairs_1
D:4:      layout_basic, mainiacjoe_overflow_brackets, trog_book,
          minmay_fountain_box, uniq_grinder
D:5:      layout_loops_ring, nicolae_concentric_dashed_squares_wild,
          minmay_manual_mail, uniq_ijyb

Skill      XL: |  1  2  3  4  5  6  7 |
---------------+----------------------+-----
Invocations    | 1 2 3 |  3.5
Short Blades   | 1 2 3 |  3.2
Long Blades    | 1 2 3 |  3.2
Maces & Flails | 1 2 3 |  3.2
Polearms       | 1 2 3 |  3.2
Staves         | 1 2 3 |  3.2
Ranged Weapons | 1 2 3 |  3.2
Throwing       | 1 2 3 |  3.2
Armour         | 1 2 3 |  3.2
Dodging        | 1 2 3 |  3.2
Stealth        | 1 2 3 |  3.2
Shields        | 1 2 3 |  3.2
Unarmed Combat | 1 2 3 |  3.2
Evocations     | 1 2 3 |  3.2
Spellcasting   | 3 4 |  4.3
Conjurations   | 1 2 |  2.6
Hexes          | 1 2 |  2.6
Summonings     | 1 2 |  2.6
Necromancy     | 1 2 |  2.6
Translocations | 1 2 |  2.6
Transmutations | 1 2 |  2.6
Ice Magic      | 1 2 |  2.6
Air Magic      | 1 2 |  2.6
Earth Magic    | 1 2 |  2.6
Poison Magic   | 1 2 |  2.6
Fighting       | 7 |  7.3
Axes           | 7 |  7.3
Fire Magic     | 6 |  6.1

Action                   |  1- 3 |  4- 6 |  7- 9 || total
-------------------------+-------+-------+-------++-------
Melee: Hand axe          |    83 |       |       ||    83
       Bite              |     7 |       |       ||     7
       Punch             |     2 |       |       ||     2
 Fire: Sling             |    59 |    77 |    70 ||   206
 Cast: Scorch            |     7 |    18 |     8 ||    33
  Use: Scroll            |     1 |    11 |     1 ||    13
       Potion            |       |       |     3 ||     3
Armor: Ring mail         |    61 |    24 |    34 ||   119
Dodge: Dodged            |    95 |    25 |    24 ||   144
